 Dungeon Crawl Stone Soup version 0.29-a0-483-g69413ace17 (webtiles) character file.

Game seed: 18308780640846055526

178 bande the Covered (level 5, -2/33 HPs)
             Began as a Gargoyle Fighter on May 24, 2022.
             Was an Initiate of Okawaru.
             Engulfed by a steam dragon's steam (8 damage)
             ... on level 4 of the Dungeon on May 25, 2022.
             The game lasted 00:07:57 (4162 turns).

bande the Covered (Gargoyle Fighter)                Turns: 4162, Time: 00:07:57

Health: -2/33      AC: 16    Str: 19    XL:     5   Next: 58%
Magic:  5/5        EV:  7    Int:  9    God:    Okawaru [......]
Gold:   1178       SH:  4    Dex: 11    Spells: 4/4 levels left

rFire   . . .      SeeInvis .   a - +1 war axe
rCold   . . .      Faith    .   c - +0 buckler
rNeg    + . .      Spirit   .   h - +0 chain mail
rPois   ∞          Reflect  .   k - +0 helmet
rElec   +          Harm     .   (no cloak)
rCorr   .          Rampage  .   l - +1 pair of gloves
Will    .....                   (no boots)
Stlth   ..........              (no amulet)
HPRegen 0.11/turn               (no ring)
MPRegen 0.09/turn               (no ring)

@: no status effects
A: sickness immunity, AC +4, negative energy resistance 1, electricity
resistance, torment resistance 1, petrification resistance
a: Renounce Religion


You were on level 4 of the Dungeon.
You worshipped Okawaru.
Okawaru was noncommittal.
You visited 2 branches of the dungeon, and saw 5 of its levels.

You collected 1178 gold pieces.

Inventory:

Hand Weapons
 a - a +1 war axe (weapon)
Armour
 c - a +0 buckler (worn)
 h - a +0 chain mail (worn)
 k - a +0 helmet (worn)
 l - a +1 pair of gloves (worn)
Jewellery
 m - a ring of magical power
Scrolls
 f - a scroll of enchant armour
 g - 2 scrolls of teleportation
 j - a scroll of enchant weapon
 q - a scroll of summoning
 r - a scroll of identify
Potions
 b - a potion of cancellation {unknown}
 d - a potion of might
 e - 8 potions of curing
 i - a potion of berserk rage {unknown}
 n - a potion of ambrosia
 o - a potion of mutation
 p - a potion of heal wounds {unknown}


   Skills:
 + Level 3.9 Fighting
 + Level 3.4 Axes
 + Level 4.3 Armour
 + Level 3.9 Shields
 * Level 1.2 Invocations


You had 4 spell levels left.
You didn't know any spells.
Your spell library contained the following spells:

 Spells                   Type           Power      Damage    Failure   Level
 Magic Dart               Conj           0%         1d3       99%         1
 Ensorcelled Hibernation  Hex/Ice        0%         N/A       100%        2
 Passwall                 Tmut/Erth      0%         N/A       100%        2
 Searing Ray              Conj           0%         2d4       100%        2
 Gell's Gravitas          Tloc           0%         N/A       100%        3
 Lesser Beckoning         Tloc           0%         N/A       100%        3
 Swiftness                Air            0%         N/A       100%        3
 Teleport Other           Tloc           0%         N/A       100%        3
 Fulminant Prism          Conj/Hex       0%         3d6       100%        4


Dungeon Overview and Level Annotations

Branches:
Dungeon (4/15)             Temple (1/1) D:4

Altars:
Ashenzari
Dithmenos
Elyvilon
Makhleb
Nemelex Xobeh
Okawaru
Sif Muna
Trog
Uskayaw
Vehumet
Xom
The Shining One


Innate Abilities, Weirdness & Mutations

You are immune to sickness and miasma.
Your stone body is resilient. (AC +4)
You are immune to poison.
You resist negative energy. (rN+)
You are resistant to electric shocks. (rElec)
You are resistant to unholy torment.
You are immune to petrification.


Message History

You kill the endoplasm!
Okawaru accepts your kill.
No target in view!
No target in view!
There is a stone staircase leading down here.
Found a radiant altar of Vehumet.
You now have 1178 gold pieces (gained 4).
A steam dragon comes into view.
The steam dragon hisses angrily.
The steam dragon breathes steam at you. The ball of steam hits you!
No target in view!
No target in view!
No target in view!
No target in view!
No target in view!
No target in view!
No target in view!
No target in view!
No target in view!
Really walk into that cloud of steam?
Okay, then.
You slash the steam dragon!
The steam dragon is moderately wounded.
You block the steam dragon's attack.
The steam dragon claws you but does no damage.
You hit the steam dragon.
The steam dragon is moderately wounded.
The steam dragon barely misses you. The steam dragon claws you.
You block the steam dragon's attack.
The steam dragon claws you but does no damage.
You barely miss the steam dragon.
The steam dragon is moderately wounded.
The steam dragon breathes steam at you. The ball of steam hits you!
* * * LOW HITPOINT WARNING * * *
You closely miss the steam dragon.
The steam dragon is moderately wounded.
You are engulfed in a cloud of scalding steam.
You die...

# #...#.#################
# #.#...................#
###.#.#.###############.#
......#.........# #.#
####..#########.# #.# #
#..## #.##### #.# # ##..#
#.....###.# # #..#
##D##...##.# #####..##
#..@.......# ........###
#..#§..#...# ######....#
#.###§###..###
....##....#
#..#...#.....#
....##....#
#...._.....#.#
....##..>.#
#..#...#...#.#
....##....#
#.###.###..#.#
....##....#
#..#...#...#.#
....##....#
#..........#.#


You could see a steam dragon (catching breath).

Vanquished Creatures
  4 gnolls
  5 adders
  3 ufetubi
  A worm (D:2)
  4 dart slugs
  6 bats
  6 endoplasms
  3 giant cockroaches
  6 goblins
  7 hobgoblins
  5 jackals
  6 kobolds
  4 quokkas
  5 ball pythons
  A frilled lizard (D:1)
  A rat (D:2)
67 creatures vanquished.

Notes
Turn   | Place    | Note
-------+----------+-------------------------------------------
     0 | D:1      | bande the Gargoyle Fighter began the quest for the Orb.
     0 | D:1      | Reached XP level 1. HP: 14/14 MP: 1/1
   307 | D:1      | Reached XP level 2. HP: 10/19 MP: 2/2
   818 | D:1      | Found a faded altar of an unknown god.
  1148 | D:1      | Reached XP level 3. HP: 6/23 MP: 3/3
  1881 | D:2      | Reached skill level 4 in Armour
  2132 | D:2      | Reached XP level 4. HP: 29/29 MP: 4/4
  2549 | D:3      | Identified a scroll of acquirement
  2549 | D:3      | Acquired 971 gold pieces
  2552 | D:3      | Upgraded the game from 0.29-a0-477-g62b78b4225 to
                  | 0.29-a0-483-g69413ace17
  2635 | D:3      | Found a glowing golden altar of the Shining One.
  3082 | D:3      | Found a sparkling altar of Nemelex Xobeh.
  3220 | D:4      | Found a staircase to the Ecumenical Temple.
  3243 | Temple   | Entered the Ecumenical Temple
  3385 | Temple   | Became a worshipper of Warmaster Okawaru
  3414 | D:4      | Reached XP level 5. HP: 26/33 MP: 5/5
  3608 | D:4      | Reached skill level 1 in Invocations
  3672 | D:4      | Found a bloodstained altar of Trog.
  4126 | D:4      | Found a radiant altar of Vehumet.
  4154 | D:4      | Noticed a steam dragon
  4162 | D:4      | Engulfed by a steam dragon's steam

Illustrated notes

Levels and vault maps discovered:
D:1:      sevenhm_arrival_forest_fort_large_2, layout_basic,
          hellmonk_ecumenical_altar_lost_god
D:2:      layout_loops_ring
D:3:      layout_loops_ring, tso_metal_star, mainiacjoe_overflow_alcove_2
D:4:      layout_basic, vehumet_crystals, lemuel_doored_altar,
          minmay_temple_entry_statues
Temple:   minmay_temple_curvy_loop

Skill      XL: |  1  2  3  4  5 |
---------------+----------------+-----
Axes           | 2 3 |  3.4
Armour         | 4 |  4.3
Invocations    | 1 |  1.2
Fighting       | |  3.9
Shields        | |  3.9

Action                   |  1- 3 |  4- 6 || total
-------------------------+-------+-------++-------
Melee: War axe           |    84 |   104 ||   188
  Use: Scroll            |     4 |     8 ||    12
Armor: Scale mail        |    44 |    50 ||    94
       Chain mail        |       |    14 ||    14
Dodge: Dodged            |    46 |    60 ||   106
Block: Buckler           |    17 |    28 ||    45

Table legend: (Time is in decaauts)
 A = Elapsed time spent in this place.
 B = Non-inter-level travel time spent in this place.
 C = Inter-level travel time spent in this place.
 D = Time resting spent in this place.
 E = Time spent auto-exploring this place.
 F = Levels seen in this place.
 G = Mean time per level.
                   A        B        C        D        E       F      G
               +--------+--------+--------+--------+--------+-----+--------+
         Total |   4240 |   4119 |    121 |    802 |   2690 |   5 |  848.0 |
       Dungeon |   4014 |   3938 |     76 |    746 |   2577 |   4 | 1003.5 |
        Temple |    225 |    180 |     45 |     56 |    113 |   1 |  225.0 |
               +--------+--------+--------+--------+--------+-----+--------+

Top non-repeatable levels by time:
     D:1: 1662 daAuts
     D:2: 834 daAuts
     D:4: 780 daAuts
     D:3: 737 daAuts
  Temple: 225 daAuts
